woodfighter, chaotic female orcish Cavewoman ------ ----- |..%.| |...| |.`..----...| |...........| |..--->---..| |---------.--- |_....<|.....| |j.----|.....| --@| |.....| |.-----%....| |.....%.....| |..---------- ---- woodfighter the Young Cave Woman Experience level: 6 Strength: 18/03 Dexterity: 15 Constitution: 15 Intelligence: 10 Wisdom: 7 Charisma: 7 Health: 0(44) Energy: 19(19) Def: 7 Gold: 0 Moves: 5706 Dungeon seed: ssWvRXd4HB704quQ Game ID: woodfighter_1500410932 Your Inventory: Weapons a - a +0 elven spear (weapon in hand) b - a +2 sling (alternate weapon; not wielded) Armor n - an uncursed +0 mummy wrapping (being worn) q - a cursed +0 pair of elven boots y - an uncursed +0 elven mithril-coat (being worn) P - an uncursed +0 orcish shield (being worn) R - an uncursed +0 pair of low boots (being worn) Y - an uncursed +0 helmet (being worn) Comestibles c - 6 uncursed food rations d - an uncursed tripe ration m - an uncursed sprig of wolfsbane u - an uncursed banana w - an uncursed eucalyptus leaf Rings l - an uncursed ring of fire resistance (on right hand) v - an uncursed ring of see invisible (on left hand) Wands h - a blessed wand of digging (0:3) r - a wand of magic missile (0:5) Tools s - an uncursed bag of holding B - an uncursed lock pick F - an uncursed oil lamp (0:1295) Gems e - 10 uncursed flints Spells and supernatural/magical abilities: Name Level Category Fail Memory W - pray for help -- divine ? -- Your skills at the end: Miscellaneous Skills bare handed combat [Basic] Weapon Skills scimitar [Basic] club [Basic] spear [Basic] sling [Basic] Spellcasting Skills Final Attributes: You were piously aligned. You were fire resistant. You were poison resistant. Your writing hand was ok. You saw invisible. You had infravision. You were very stealthy. You were unlucky. You are dead. Vanquished creatures: a giant mimic a large mimic a large dog a housecat a human zombie a rock piercer 2 fog clouds a gnome lord 2 kobold mummies a black naga hatchling 3 gray oozes 2 elf zombies 2 paper golems 2 floating eyes an iguana a rothe a rabid rat a centipede a giant bat a monkey 4 dwarf zombies a wererat a werejackal 5 coyotes a gas spore 2 hobbits 3 large kobolds 3 giant rats a cave spider 2 yellow molds 9 garter snakes 6 jackals 3 foxes a kobold 7 newts 3 sewer rats 8 grid bugs 4 lichens 2 kobold zombies 93 creatures vanquished. Voluntary challenges: You did not cause conflict. You were not invisible. You did not have reflection. You were not displaced. You used a wielded weapon 141 times, starting on turn 4. You did not apply a unicorn horn. You did not use plumbed fixtures. You did not drink any magical draughts. You read items or engraved 1 time, starting on turn 2814. You never genocided any monsters. You never polymorphed an object. You changed form 1 time, starting on turn 2670. You cheated in Sokoban 1 time, without finishing. You used no wishes. You never split a pudding. You never wrote Elbereth's name. You never violated your personal moral code. Dungeon overview: The Dungeons of Doom: levels 1 to 7 Level 1 an altar to Anu, a fountain a long staircase Level 2 a general store stairs to The Gnomish Mines Level 3 a general store Level 4 (vault) Level 5 a fountain Level 6 many fountains Level 7 stairs to Sokoban The Gnomish Mines: Level 3 stairs to The Dungeons of Doom Sokoban: levels 3 to 6 Level 3 a magic chest Level 4 a delicatessen, a magic chest Level 5 Level 6 <- You were here an altar to Ishtar, a magic chest stairs to The Dungeons of Doom History has recorded: On T:1 you entered the Dungeons of Doom to retrieve the Amulet of Yendor! On T:263 you reached level 2 of The Dungeons of Doom. On T:422 you reached level 3 of The Dungeons of Doom. On T:435 you advanced to experience level 2. On T:677 you reached level 1 of The Gnomish Mines. On T:875 you advanced to experience level 3. On T:917 you reached level 4 of The Dungeons of Doom. On T:1361 you reached level 5 of The Dungeons of Doom. On T:1783 you reached level 6 of The Dungeons of Doom. On T:2000 you advanced to experience level 4. On T:2079 you reached level 7 of The Dungeons of Doom. On T:2558 you advanced to experience level 5. On T:2647 you reached level 4 of Sokoban. On T:2810 you opened a magic chest. On T:3029 you reached level 3 of Sokoban. On T:3581 you advanced to experience level 6. On T:3978 you reached level 2 of Sokoban. On T:4408 you reached level 1 of Sokoban. Score breakdown: Gold: 0 ( 0 points) Experience: 6 levels ( 500 points) Exploration: 7 levels ( 180 points) Discoveries: 16 items ( 800 points) Variety of kills: 39 monsters ( 1950 points) Major goal: (nothing yet) ( 0 points) Survival: died (score multiplied by 3) Total score: 10290 Latest messages: You put an uncursed milky potion into the magic chest. Where do you want to travel to? You stop travelling. The garter snake bites! You kill the garter snake! There are a few objects here. You kill the garter snake! (2x) B - a lock pick. You see here a garter snake corpse. The garter snake misses. You kill the garter snake! You see here a pair of jungle boots. q - a pair of jungle boots. Where do you want to travel to? You see here a garter snake corpse. (2x) A spotted jelly blocks your way. You jab the spotted jelly! You are splashed by the spotted jelly's acid! You jab the spotted jelly! (3x) You are splashed by the spotted jelly's acid! You die... The bag of holding is empty. The bag of holding is empty. Final status: Goodbye woodfighter the Cavewoman, killed by a spotted jelly... You died in Sokoban on dungeon level 6 with 10290 points, and 0 pieces of gold, after 5706 moves. You were level 6 with a maximum of 44 hit points when you died.